 Dungeon Crawl Stone Soup version 0.28.0-45-g0d030f2227 (webtiles) character file.

Game seed: 9991662586030448398

46 Kenran the Skirmisher (level 3, -2/31 HPs)
             Began as a Palentonga Brigand on Apr 24, 2022.
             Slain by a gnoll
             ... wielding a +0 halberd
              (5 damage)
             ... on level 2 of the Dungeon.
             The game lasted 00:02:49 (1351 turns).

Kenran the Skirmisher (Palentonga Brigand)          Turns: 1351, Time: 00:02:50

Health: -2/31      AC:  5    Str: 16    XL:     3   Next: 44%
Magic:  3/3        EV:  9    Int: 11    God:
Gold:   56         SH:  0    Dex: 11    Spells: 2/2 levels left

rFire   . . .      SeeInvis +   a - +2 dagger
rCold   . . .      Faith    .   (no shield)
rNeg    . . .      Spirit   .   b - +0 robe
rPois   .          Reflect  .   (no helmet)
rElec   .          Harm     .   c - +0 cloak
rCorr   .          Rampage  .   (no gloves)
Will    .....                   (no barding)
Stlth   ++........              (no amulet)
HPRegen 0.10/turn               (no ring)
MPRegen 0.08/turn               (no ring)

@: flying
A: large, rugged brown scales 3, see invisible, deformed body, roll 1, armoured
tail
a: Rolling Charge


You were on level 2 of the Dungeon.
You visited 1 branch of the dungeon, and saw 2 of its levels.

You collected 56 gold pieces.

Inventory:

Hand Weapons
 a - a +2 dagger (weapon)
Missiles
 d - 8 poisoned darts (quivered)
 e - 2 curare-tipped darts
Armour
 b - a +0 robe (worn)
 c - a +0 cloak (worn)
 h - a +0 scale mail
Scrolls
 g - a scroll of identify {unknown}
 i - 2 scrolls of torment


   Skills:
 * Level 3.2 Fighting
 - Level 2.3 Short Blades
 - Level 1.3 Throwing
 - Level 1.0 Dodging
 - Level 2.6 Stealth
 * Level 1.2 Unarmed Combat


You had 2 spell levels left.
You didn't know any spells.
Your spell library was empty.

Dungeon Overview and Level Annotations

Branches:
Dungeon (2/15)

Altars:

Shops:
D:1 *

Annotations:
D:2 exclusion: gnoll


Innate Abilities, Weirdness & Mutations

You are completely covered in rugged brown scales. (AC +3, +7% HP)
You have supernaturally acute eyesight. (SInv)
Armour fits poorly on your strangely shaped body.
You can roll at nearby foes to attack.
You have a long armoured tail.


Message History

The rat is heavily wounded.
The rat bites you.
The gnoll hits you from afar with a +0 halberd.
You barely miss the rat.
The rat is heavily wounded.
The rat closely misses you. The gnoll barely misses you.
You hit the rat.
You kill the rat!
The gnoll hits you from afar with a +0 halberd!
Okay, then.
It was a potion of flight.
You feel very buoyant.
You fly up into the air.
The gnoll barely misses you. The gnoll barely misses you.
You hit the gnoll but do no damage. The gnoll hits you but does no damage.
You barely miss the gnoll. The gnoll hits you with a +0 halberd!
* * * LOW HITPOINT WARNING * * *
You hit the gnoll.
The gnoll is lightly wounded.
The gnoll barely misses you.
You hit the gnoll.
The gnoll is moderately wounded.
You barely miss the gnoll.
The gnoll is moderately wounded.
The gnoll hits you with a +0 halberd.
* * * LOW HITPOINT WARNING * * *
You hit the gnoll.
The gnoll is moderately wounded.
The gnoll hits you with a +0 halberd.
* * * LOW HITPOINT WARNING * * *
You barely miss the gnoll.
The gnoll is moderately wounded.
The gnoll completely misses you.
You completely miss the gnoll.
The gnoll is moderately wounded.
The gnoll closely misses you.
As you read the scroll labelled QATTUTUL YNESU, it crumbles to dust.
You feel a surge of unholy energy.
The gnoll convulses!
It was a scroll of torment.
The gnoll hits you with a +0 halberd.
You die...

#.. #.### # #.#.. .#
################.#.###.#
#..............#.#.#... #
#......#######.#.#.#.###.#
#......#######.#.#.......#.#
######...........g..........
#.#######.#@###.####... #.#
#.#.# #.# #.#######.#.# #.#
#.......#.#.###.#
#>..............#
#######.###.#...#
.......#.#.# #........#.#.##
#.......##.#..#


You could see a gnoll.

Vanquished Creatures
  An adder (D:2)
  A dart slug (D:1)
  6 bats (D:1)
  5 endoplasms (D:1)
  4 goblins
  4 hobgoblins
  2 quokkas
  4 ball pythons
  A kobold (D:2)
  3 rats
31 creatures vanquished.

Notes
Turn   | Place    | Note
-------+----------+-------------------------------------------
     0 | D:1      | Kenran the Palentonga Brigand began the quest for the Orb.
     0 | D:1      | Reached XP level 1. HP: 17/17 MP: 1/1
   156 | D:1      | Reached skill level 1 in Dodging
   163 | D:1      | Reached XP level 2. HP: 24/24 MP: 2/2
   528 | D:1      | Found Celeym's Assorted Antiques.
   692 | D:1      | Reached skill level 3 in Fighting
   815 | D:1      | Reached XP level 3. HP: 31/31 MP: 3/3
  1249 | D:2      | Reached skill level 1 in Unarmed Combat
  1351 | D:2      | Slain by a gnoll

Illustrated notes

Levels and vault maps discovered:
D:1:      pf_arrival_petrified_forest, layout_loops_ring, serial_shops, shop,
          minmay_ruptured
D:2:      layout_basic, dreamdust_ecumenical_altar_drowned_temple,
          nicolae_wormholes

Skill      XL: |  1  2  3 |
---------------+----------+-----
Dodging        | 1 |  1.0
Fighting       | 3 |  3.2
Unarmed Combat | 1 |  1.2
Short Blades   | |  2.3
Throwing       | |  1.3
Stealth        | |  2.6

Action                   || total
-------------------------++-------
Melee: Dagger            ||    67
       Tailslap          ||     8
  Use: Scroll            ||     1
       Potion            ||     1
 Stab: Sleeping          ||    13
Armor: Robe              ||    15
Dodge: Dodged            ||    20
